 Dungeon Crawl Stone Soup version 0.29-a0-1043-g569b05d6ff (webtiles) character file.

Game seed: 10370983764115851648

1201 purpskrrrp the Trooper (level 8, 0/52 HPs)
             Began as a Gargoyle Fighter on Aug 16, 2022.
             Was a Priest of Cheibriados.
             Collided with a stone wall (14 damage)
             ... caused by a wretched star
             ... on level 2 of the Abyss.
             The game lasted 00:12:40 (4827 turns).

purpskrrrp the Trooper (Gargoyle Fighter)           Turns: 4827, Time: 00:12:42

Health: 0/52       AC: 19    Str: 36    XL:     8   Next: 44%
Magic:  8/8        EV:  8    Int: 15    God:    Cheibriados [***...]
Gold:   198        SH: 10    Dex: 16    Spells: 7/7 levels left

rFire   . . .      SeeInvis .   a - +1 flail (venom)
rCold   . . .      Faith    .   s - +0 kite shield
rNeg    + . .      Spirit   .   b - +0 scale mail
rPois   ∞          Reflect  .   k - +0 helmet
rElec   +          Harm     .   m - +0 cloak
rCorr   .          Rampage  .   (no gloves)
Will    .....      Rage     9%  e - +0 pair of boots
Stlth   ..........              (no amulet)
HPRegen 0.17/turn               r - +6 ring of strength
MPRegen 0.11/turn               (no ring)

@: unable to read, very slow
A: sickness immunity, AC +5, negative energy resistance 1, electricity
resistance, torment resistance 1, petrification resistance, hooves 1, iridescent
scales 1, inability to read after injury 1, [berserk 2], [subdued magic 2]
a: Renounce Religion, Bend Time, Temporal Distortion


You were on level 2 of the Abyss.
You worshipped Cheibriados.
Cheibriados was most pleased with you.
You visited 1 branch of the dungeon, and saw 5 of its levels.
You visited the Abyss 1 time.

You collected 198 gold pieces.

Inventory:

Hand Weapons
 a - a +1 flail of venom (weapon)
Armour
 b - a +0 scale mail (worn)
 c - a +2 buckler
 e - a +0 pair of boots (worn)
 k - a +0 helmet (worn)
 m - a +0 cloak (worn)
 s - a +0 kite shield (worn)
Jewellery
 r - a +6 ring of strength (left hand)
Wands
 q - a wand of flame (28)
Scrolls
 h - a scroll of amnesia
 n - 3 scrolls of teleportation
Potions
 d - 2 potions of might
 f - 3 potions of lignification
 g - 2 potions of curing
 i - 2 potions of magic
 j - a potion of degeneration
 l - a potion of heal wounds {unknown}
 o - a potion of berserk rage {unknown}
 p - a potion of cancellation {unknown}
 t - a potion of attraction {unknown}


   Skills:
 + Level 6.3 Fighting
 + Level 5.2 Maces & Flails
 + Level 6.3 Armour
 + Level 6.2 Shields


You had 7 spell levels left.
You didn't know any spells.
Your spell library contained the following spells:

 Spells                   Type           Power      Damage    Failure   Level
 Foxfire                  Conj/Fire      0%         2x1d4     69%         1
 Summon Small Mammal      Summ           0%         N/A       69%         1
 Call Canine Familiar     Summ           0%         N/A       97%         3
 Conjure Flame            Conj/Fire      0%         6-21      97%         3
 Inner Flame              Hex/Fire       0%         N/A       97%         3
 Summon Guardian Golem    Hex/Summ       0%         N/A       97%         3
 Flame Wave               Conj/Fire      0%         2d4       100%        4


Dungeon Overview and Level Annotations

Branches:
Dungeon (5/15)
 Temple: D:4-7

Altars:
Cheibriados
Nemelex Xobeh
The Shining One

Annotations:
D:5 Edmund


Innate Abilities, Weirdness & Mutations

You are immune to sickness and miasma.
Your stone body is resilient. (AC +5)
You are immune to poison.
You resist negative energy. (rN+)
You are resistant to electric shocks. (rElec)
You are resistant to unholy torment.
You are immune to petrification.
You have large cloven feet.
You are partially covered in iridescent scales. (AC +2)
You occasionally lose the ability to read scrolls when taking damage.
[You have an uncontrollable temper.]
[Your spells are easier to cast, but less powerful.]


Message History

The wretched star pulses with an eldritch light!
Your connection to magic feels subdued.
Your connection to magic feels more subdued.
You feel a little pissed off.
You feel extremely angry at everything! You block the fire elemental's attack.
You hit the fire elemental.
The fire elemental is lightly damaged.
You block the fire elemental's attack. The fire elemental hits you.
The fire elemental burns you!
You barely miss the fire elemental.
The fire elemental is lightly damaged.
You block the fire elemental's attack.
You hit the fire elemental.
The fire elemental is moderately damaged.
The fire elemental hits you. The fire elemental burns you!
The fire elemental hits you. The fire elemental burns you!
You closely miss the fire elemental.
The fire elemental is moderately damaged.
You block the fire elemental's attack. The fire elemental closely misses you.
The wretched star glows turbulently.
The lance of force misses you.
You hit the fire elemental.
The fire elemental is moderately damaged.
The fire elemental hits you. The fire elemental burns you!
You feel threatened and lose the ability to read scrolls!
The wretched star glows turbulently.
You block the lance of force.
You thump the fire elemental!
The fire elemental is heavily damaged.
The fire elemental hits you. The fire elemental burns you!
The fire elemental hits you. The fire elemental burns you!
* * * LOW HITPOINT WARNING * * *
Okay, then.
You feel better. You block the fire elemental's attack.
The wretched star glows turbulently.
The lance of force hits you.
* * * LOW HITPOINT WARNING * * *
You are knocked back by the lance of force.
You slam into the stone wall!
You die...

. ..# #.# #...
..#..#..# ...##
.. .*#.##.#. #..
#.# . . # #.#
#.#. .># #.#.##
#.# ...#
#....#.#.##...##
# #.. # .#.##*#
#....#.##.##@#.#
###......###.E.#
#..#.##.# ####.#
###.# # °.. # .
....# .# #.#. #
.#


You could see a wretched star and a fire elemental.

Vanquished Creatures
  Grinder (D:5)
  Sigmund (D:3)
  A chaos spawn (Abyss:2)
  Menkaure (D:5)
  Duvessa (D:5)
  A phantom (D:5)
  2 scorpions (D:4)
  Dowan (D:5)
  Crazy Yiuf (D:2)
  An iguana (D:4)
  An adder (D:2)
  8 gnolls
  4 worms
  A dart slug (D:1)
  4 orcs (D:3)
  13 ball pythons
  7 bats
  10 endoplasms
  3 giant cockroaches
  8 goblins
  5 hobgoblins
  3 jackals (D:3)
  5 kobolds
  4 quokkas
  A frilled lizard (D:1)
  7 rats
95 creatures vanquished.

Vanquished Creatures (others)
  A plant (Abyss:2)
1 creature vanquished.

Grand Total: 96 creatures vanquished

Notes
Turn   | Place    | Note
-------+----------+-------------------------------------------
     0 | D:1      | purpskrrrp the Gargoyle Fighter began the quest for the
                  | Orb.
     0 | D:1      | Reached XP level 1. HP: 14/14 MP: 1/1
   191 | D:1      | Reached XP level 2. HP: 19/19 MP: 2/2
   578 | D:1      | Reached XP level 3. HP: 4/23 MP: 3/3
  1006 | D:1      | Found a faded altar of an unknown god.
  1407 | D:1      | Prayed at the altar of an unknown god.
  1407 | D:1      | Became a worshipper of Cheibriados the Contemplative
  1407 | D:1      | Reached * piety under Cheibriados
  1771 | D:2      | Reached XP level 4. HP: 29/29 MP: 4/4
  2279 | D:2      | Found a runed translucent door.
  2280 | D:2      | Noticed Crazy Yiuf
  2305 | D:2      | Reached ** piety under Cheibriados
  2638 | D:2      | Killed Crazy Yiuf
  2666 | D:3      | Found a sparkling altar of Nemelex Xobeh.
  2688 | D:3      | Reached XP level 5. HP: 21/33 MP: 5/5
  3334 | D:3      | Noticed Sigmund
  3335 | D:3      | Found a faded altar of an unknown god.
  3342 | D:3      | Killed Sigmund
  3343 | D:3      | Reached XP level 6. HP: 39/39 MP: 6/6
  3345 | D:3      | Found a glowing golden altar of the Shining One.
  3464 | D:3      | Gained mutation: You are clumsy. (Dex -2) [potion of
                  | mutation]
  3464 | D:3      | Lost mutation: You are clumsy. (Dex -2) [potion of
                  | mutation]
  3464 | D:3      | Gained mutation: Armour fits poorly on your strangely
                  | shaped body. [potion of mutation]
  3464 | D:3      | Gained mutation: Your spells are a little harder to cast,
                  | but a little more powerful. [potion of mutation]
  3465 | D:3      | Lost mutation: Your spells are a little harder to cast, but
                  | a little more powerful. [potion of mutation]
  3465 | D:3      | Lost mutation: Armour fits poorly on your strangely shaped
                  | body. [potion of mutation]
  3465 | D:3      | Gained mutation: You are clumsy. (Dex -2) [potion of
                  | mutation]
  3466 | D:3      | Lost mutation: You are clumsy. (Dex -2) [potion of
                  | mutation]
  3466 | D:3      | Gained mutation: You occasionally lose the ability to read
                  | scrolls when taking damage. [potion of mutation]
  3466 | D:3      | Gained mutation: You have large cloven feet. [potion of
                  | mutation]
  3466 | D:3      | Gained mutation: You are partially covered in iridescent
                  | scales. (AC +2) [potion of mutation]
  3641 | D:4      | Reached skill level 5 in Armour
  3736 | D:4      | Reached skill level 5 in Fighting
  3736 | D:4      | Reached skill level 5 in Shields
  3759 | D:4      | Reached XP level 7. HP: 36/44 MP: 7/7
  4389 | D:5      | Entered Level 5 of the Dungeon
  4428 | D:5      | Noticed Dowan
  4429 | D:5      | Noticed Duvessa
  4442 | D:5      | Killed Dowan
  4442 | D:5      | Reached *** piety under Cheibriados
  4449 | D:5      | Killed Duvessa
  4634 | D:5      | Noticed Menkaure
  4644 | D:5      | Killed Menkaure
  4645 | D:5      | Reached XP level 8. HP: 44/51 MP: 8/8
  4650 | D:5      | Noticed Grinder
  4661 | D:5      | Killed Grinder
  4662 | D:5      | Reached skill level 5 in Maces & Flails
  4756 | D:5      | Noticed Edmund
  4760 | Abyss:2  | Cast into level 2 of the Abyss (Edmund)
  4818 | Abyss:2  | Noticed a wretched star
  4827 | Abyss:2  | Collided with a stone wall

Illustrated notes

Levels and vault maps discovered:
D:1:      minmay_arrival_arboretum_large, layout_basic,
          nicolae_ecumenical_snake_handling
D:2:      layout_basic, minmay_misc_feat_rows, minivault_27,
          uniq_crazy_yiuf_cottage
D:3:      layout_loops_ring, nicolae_overflow_ecumenical_swirl,
          nemelex_xobeh_ov_fountains_minmay, uniq_sigmund
D:4:      layout_basic, kennysheep_windowed_goal
D:5:      layout_basic, grunt_qazlal_sundering, portal_sewer_entry_e,
          uniq_duvessa, uniq_grinder, uniq_menkaure, uniq_edmund
Abyss:2:  base: D:3, hangedman_abyss_theft

Skill      XL: |  1  2  3  4  5  6  7  8 |
---------------+-------------------------+-----
Armour         | 4 5 6 |  6.3
Shields        | 4 5 6 |  6.2
Fighting       | 4 5 6 |  6.3
Maces & Flails | 3 4 5 |  5.2

Action                   |  1- 3 |  4- 6 |  7- 9 || total
-------------------------+-------+-------+-------++-------
Melee: Flail             |   122 |   147 |    76 ||   345
  Use: Scroll            |     6 |     8 |     4 ||    18
       Potion            |       |     3 |     1 ||     4
Armor: Scale mail        |   100 |   103 |    39 ||   242
Dodge: Dodged            |    73 |    83 |    26 ||   182
Block: Buckler           |    35 |    72 |    11 ||   118
       Kite shield       |       |       |    17 ||    17

Table legend: (Time is in decaauts)
 A = Elapsed time spent in this place.
 B = Non-inter-level travel time spent in this place.
 C = Inter-level travel time spent in this place.
 D = Time resting spent in this place.
 E = Time spent auto-exploring this place.
 F = Levels seen in this place.
 G = Mean time per level.
                   A        B        C        D        E       F      G
               +--------+--------+--------+--------+--------+-----+--------+
         Total |   5928 |   5829 |     99 |    601 |   4103 |   6 |  988.0 |
       Dungeon |   5830 |   5731 |     99 |    601 |   4103 |   5 | 1166.0 |
         Abyss |     98 |     98 |      0 |      0 |      0 |   1 |   98.0 |
               +--------+--------+--------+--------+--------+-----+--------+

Top non-repeatable levels by time:
     D:1: 1796 daAuts
     D:3: 1221 daAuts
     D:2: 1186 daAuts
     D:4: 1182 daAuts
     D:5: 444 daAuts
 Abyss:2: 98 daAuts
